 Dungeon Crawl Stone Soup version 0.29.0-5-ge4962eb29e (webtiles) character file.

Game seed: 13820170067455004495

7 Regnix the Sneak (level 1, 0/13 HPs)
             Began as a Vampire Enchanter on Aug 29, 2022.
             Slain by a hobgoblin (2 damage)
             ... on level 1 of the Dungeon.
             The game lasted 00:00:24 (112 turns).

Regnix the Sneak (Vampire Enchanter)                 Turns: 112, Time: 00:00:24

Health: 0/13       AC:  2    Str:  7    XL:     1   Next: 83%
Magic:  3/3        EV: 12    Int: 17    God:
Gold:   29         SH:  0    Dex: 14    Spells: 4/4 levels left

rFire   . . .      SeeInvis +   a - +1 dagger
rCold   . . .      Faith    .   (no shield)
rNeg    . . .      Spirit   .   b - +0 robe
rPois   .          Reflect  .   (no helmet)
rElec   .          Harm     .   (no cloak)
rCorr   .          Rampage  .   (no gloves)
Will    .....                   (no boots)
Stlth   +++.......              (no amulet)
HPRegen 0.24/turn               (no ring)
MPRegen 0.08/turn               (no ring)

@: healing quickly
A: alive, fangs 3, see invisible, vampiric 1
a: Exsanguinate


You were on level 1 of the Dungeon.
You visited 1 branch of the dungeon, and saw 1 of its levels.

You collected 29 gold pieces.

Inventory:

Hand Weapons
 a - a +1 dagger (weapon)
Armour
 b - a +0 robe (worn)
Scrolls
 d - a scroll of silence {unknown}
 e - a scroll of amnesia {unknown}
 f - a scroll of identify {unknown}
Potions
 c - 2 potions of invisibility


   Skills:
 + Level 1.1 Short Blades
 + Level 2.2 Dodging
 + Level 4.9 Stealth
 + Level 2.0 Spellcasting
 + Level 4.6 Hexes


You had 4 spell levels left.
You didn't know any spells.
Your spell library contained the following spells:

 Spells                   Type           Power      Damage    Failure   Level
 Confusing Touch          Hex            17%        N/A       9%          3
 Tukima's Dance           Hex            17%        N/A       9%          3
 Ensorcelled Hibernation  Hex/Ice        18%        N/A       11%         2
 Dazzling Flash           Conj/Hex       18%        N/A       22%         3


Dungeon Overview and Level Annotations

Branches:
Dungeon (1/15)

Altars:


Innate Abilities, Weirdness & Mutations

Your natural rate of healing is accelerated.
You have razor-sharp teeth.
You have supernaturally acute eyesight. (SInv)
You are afflicted with vampirism.


Message History

You kill the giant cockroach!
No target in view!
HP restored.
f - a scroll labelled CYKIVV HAAMOXO You now have 29 gold pieces (gained 15).
A dart slug comes into view.
A bat comes into view.
The dart slug barely misses you.
You hit the dart slug. Your bite misses the dart slug.
The dart slug is lightly wounded.
The dart slug bites you but does no damage.
You hit the dart slug.
The dart slug is heavily wounded.
You hit the dart slug. You bite the dart slug.
You kill the dart slug!
You see here a dart slug corpse.
A bat comes into view.
You hit the bat but do no damage. The bat hits you but does no damage.
The bat hits you but does no damage. The bat hits you but does no damage.
You hit the bat.
The bat is severely wounded.
The bat hits you but does no damage.
You hit the bat.
You kill the bat!
A hobgoblin comes into view.
Found a hand axe.
The helpless bat fails to defend itself.
You puncture the bat!
You kill the bat!
The hobgoblin shouts!
The hobgoblin hits you.
You closely miss the hobgoblin. The hobgoblin hits you.
You hit the hobgoblin.
The hobgoblin is heavily wounded.
The hobgoblin hits you.
* * * LOW HITPOINT WARNING * * *
You are too injured to fight recklessly!
The hobgoblin attacks as you move away! The hobgoblin hits you.
You die...

#...# #...#
#####.†.#####
###...........#
...............
###...........#
###.#...#.###
#.#...#.#
#.#.@.# #
#.#.g.# #...#
).#.. ...#...
#.#####.. #.
.## .. ##


You could see a hobgoblin.

Vanquished Creatures
  A dart slug (D:1)
  3 bats (D:1)
  A giant cockroach (D:1)
5 creatures vanquished.

Notes
Turn   | Place    | Note
-------+----------+-------------------------------------------
     0 | D:1      | Regnix the Vampire Enchanter began the quest for the Orb.
     0 | D:1      | Reached XP level 1. HP: 13/13 MP: 3/3
     6 | D:1      | Noticed a lindwurm
     6 | D:1      | Noticed an iguana
     7 | D:1      | Noticed a redback
     7 | D:1      | Noticed a salamander
   112 | D:1      | Slain by a hobgoblin

Illustrated notes

Levels and vault maps discovered:
D:1:      onia_arrival_zoo_common, layout_loops_cross

Action                   || total
-------------------------++-------
Melee: Dagger            ||    15
       Bite              ||     1
 Stab: Sleeping          ||     2
Armor: Robe              ||     6
Dodge: Dodged            ||     5
